 Dungeon Crawl Stone Soup version 0.31.0-12-g77e489cdc1 (webtiles) character file.

Game seed: 4170326512315199125

77 Bobsterar the Shield-Bearer (level 4, -4/7 HPs)
             Began as a Vine Stalker Fighter on Mar 6, 2024.
             Was an Initiate of Gozag.
             Slain by a kobold
             ... wielding a +0 short sword
              (5 damage)
             ... on level 2 of the Dungeon.
             The game lasted 00:05:46 (995 turns).

Bobsterar the Shield-Bearer (Vine Stalker Fighter)   Turns: 995, Time: 00:05:47

Health: -4/7       AC:  0    Str: 19    XL:     4   Next: 34%
Magic:  0/5        EV: 12    Int: 10    God:    Gozag
Gold:   192        SH:  0    Dex: 13    Spells: 3/3 levels left

rFire   . .          .
                       - Unarmed
rCold   . . .        b - melded +0 buckler
rNeg    . . .        h - melded +0 chain mail
rPois   .            (no helmet)
rElec   .            (no cloak)
rCorr   .            (no gloves)
SInv    .            (no boots)
Will    .....        (no amulet)
Stlth   +            (no ring)
HPRegen 1.01/turn    (no ring)
MPRegen 0.09/turn

%: guardian spirit
@: about to teleport, flux-form, glowing, constricted
A: glow, contaminating, reduced hp, fangs 2, regeneration 1, magic shield,
antimagic bite, no potion heal 2
a: Begin Untransformation, Renounce Religion, Potion Petition, Call Merchant,
Bribe Branch


You were on level 2 of the Dungeon.
You worshipped Gozag.
Gozag was aware of your devotion.
You were something dangerously unstable.
You visited 1 branch of the dungeon, and saw 2 of its levels.

You collected 192 gold pieces.

Inventory:

Hand Weapons
 c - a +0 halberd
Armour
 a - a +0 scale mail
 b - a +0 buckler (melded)
 h - a +0 chain mail (melded)
 j - the +1 scale mail of Grace {rN++ Slay-4}
   (You found it on level 2 of the Dungeon)

   Slay-4:    It affects your accuracy & damage with ranged weapons and melee
   (-4).
   rN++:      It greatly protects you from negative energy.
Magical Staves
 d - a staff of air
Talismans
 f - a flux talisman (active)
Scrolls
 e - a scroll of brand weapon
 i - a scroll of poison
Potions
 g - a potion of brilliance {unknown}


   Skills:
 + Level 3.1 Fighting
 - Level 2.9 Armour
 + Level 0.0 Dodging
 + Level 0.4 Stealth
 + Level 3.2 Shields
 + Level 3.0 Unarmed Combat
 + Level 0.0 Shapeshifting


You had 3 spell levels left.
You didn't know any spells.
Your spell library contained the following spells:

 Spells                   Type           Power      Damage    Failure   Level
 Apportation              Tloc           0%         N/A       36%         1
 Jinxbite                 Hex            0%         N/A       50%         2
 Alistair's Intoxication  Alch           0%         N/A       100%        5


Dungeon Overview and Level Annotations

Branches:
Dungeon (2/15)

Altars:
Gozag

Shops:
D:2 :


Innate Abilities, Weirdness & Mutations

You are something dangerously unstable.
You glow with magical radiation, making you easy to see and hit.
Foes you strike become dangerously contaminated with magical radiation.
Your maximum health is decreased, since you lack skill for your form.
You are incapable of wielding weapons or throwing items.
You have extremely sharp teeth.
Your natural rate of healing is unusually fast.
When hurt, damage is shared between your health and your magic reserves.
Your bite disrupts and absorbs the magic of your enemies.
Potions cannot restore your health.


Message History

You hit the bat.
You kill the bat!
You hit the bat.
You kill the bat!
No target in view!
No target in view!
No target in view!
You now have 184 gold pieces (gained 7).
You see here a +0 robe.
You now have 192 gold pieces (gained 8).
You see here the +1 scale mail of Grace {rN++ Slay-4}.
j - the +1 scale mail of Grace {rN++ Slay-4}
k - a scroll labelled HIWUULULI DINNIFA You open the door.
A kobold and a ball python come into view.
The kobold shouts!
The ball python hisses angrily.
There is an open door here.
The kobold hits you with a +0 short sword.
The ball python misses you. x2
You barely miss the kobold.
The kobold hits you with a +0 short sword.
The ball python misses you. x2
You barely miss the kobold. The kobold closely misses you.
The ball python bites you. The ball python grabs you.
The ball python constricts you.
You closely miss the ball python. Your bite misses the ball python.
The ball python barely misses you. The ball python constricts you.
The kobold hits you with a +0 short sword.
* * * LOW HITPOINT WARNING * * *
You are too injured to fight recklessly!
You are too injured to fight recklessly!
As you read the scroll labelled HIWUULULI DINNIFA, it crumbles to dust.
You feel strangely unstable.
It was a scroll of teleportation.
The ball python misses you. The ball python constricts you.
* * * LOW HITPOINT WARNING * * *
The kobold hits you with a +0 short sword.
Ouch! That really hurt!
You die...
Your body crumbles into a pile of gold.

#.# #.#... #.# +#
#.#... #.# ..
#..... #.# .#
######.. #.# .#
......... #.#
##.#############..
#.# #........ #..
##.#####........
###
#......'pK......
..
########.S......
.. ######### .. ..
.. .. .. .. ..


You could see a ball python and a kobold.

Vanquished Creatures
  4 gnolls (D:2)
  An adder (D:2)
  A dart slug (D:2)
  A ribbon worm (D:2)
  3 endoplasms
  2 giant cockroaches
  A hobgoblin (D:1)
  5 jackals
  4 ball pythons
  2 bats (D:2)
  A frilled lizard (D:2)
  A kobold (D:1)
26 creatures vanquished.

Notes
Turn   | Place    | Note
-------+----------+-------------------------------------------
     0 | D:1      | Bobsterar the Vine Stalker Fighter began the quest for the
                  | Orb.
     0 | D:1      | Reached XP level 1. HP: 11/11 MP: 2/2
    81 | D:1      | Reached XP level 2. HP: 16/16 MP: 3/3
    84 | D:1      | Found a faded altar of an unknown god.
    99 | D:1      | Prayed at the altar of an unknown god.
    99 | D:1      | Became a worshipper of Gozag Ym Sagoz the Greedy
   620 | D:2      | Found Hinyxt's Book Emporium.
   661 | D:2      | Reached XP level 3. HP: 20/20 MP: 4/4
   788 | D:2      | Reached XP level 4. HP: 12/24 MP: 2/5
   946 | D:2      | Identified the +1 scale mail of Grace {rN++ Slay-4}
   995 | D:2      | Slain by a kobold

Illustrated notes

Levels and vault maps discovered:
D:1:      lightli_arrival_flooded_house, layout_rooms,
          dreamdust_ecumenical_altar_statues
D:2:      layout_basic, serial_shops, shop, chequers_garden,
          kennysheep_small_spiral

Skill      XL: |  1  2  3  4 |
---------------+-------------+-----
Fighting       | 3 |  3.1
Shields        | 3 |  3.2
Unarmed Combat | 3 |  3.0
Armour         | |  2.9
Stealth        | |  0.4

Action                     |  1- 3 |  4- 6 || total
---------------------------+-------+-------++-------
  Melee: Unarmed           |    81 |    27 ||   108
         Bite              |    18 |     5 ||    23
    Use: Potion            |     1 |       ||     1
         Scroll            |       |     3 ||     3
 Armour: Scale mail        |    21 |       ||    21
         Chain mail        |    40 |     3 ||    43
         Skin              |       |    15 ||    15
  Dodge: Dodged            |    31 |    28 ||    59
  Block: Buckler           |    15 |     3 ||    18
   Form: Flux              |       |     1 ||     1
